NCommander, chaotic male elven Wizard ------- ---------------- |.....| |..............| |.....-######## #|..`...........| |....<| # ##...............| |.....| ### ##--------------|- -----.- # #### # # ### # # #### # ############ # ------ ## ###--------------- # |..... ###### #->.......`....| ### |....| # # # #|.............| # |.....############ ################|.............+ ### |....| # |.............| # |..<.| |.............| ----------|----- ------ --------------- |..........f...| |="===*===@=.==| |=====@V@=="===| ---------------- NCommander the Thaumaturge Experience level: 7 Strength: 10 Dexterity: 13 Constitution: 16 Intelligence: 16 Wisdom: 14 Charisma: 11 Health: 0(46) Energy: 7(65) Def: 2 Gold: 2975 Moves: 5062 Dungeon seed: eQxFfGmhiP6X4myf Game ID: NCommander_1475383111 Your Inventory: Coins $ - 2975 gold pieces Amulets E - an uncursed amulet of reflection (being worn) Weapons v - 2 +0 elven daggers (wielded) w - a +0 dagger I - 2 +0 orcish daggers (in quiver) Armor e - an uncursed +0 cloak of magic resistance (being worn) y - an uncursed +0 pair of speed boots (being worn) Comestibles l - 2 uncursed tripe rations o - 2 uncursed fortune cookies s - 7 uncursed food rations u - an uncursed cram ration A - 2 uncursed soylents Scrolls i - 2 uncursed scrolls of enchant armor j - a blessed scroll of gold detection k - an uncursed scroll of magic mapping x - an uncursed scroll of fire C - 3 uncursed scrolls of earth G - an uncursed scroll of light K - a cursed scroll of fire L - an uncursed scroll of enchant weapon M - 2 uncursed scrolls of remove curse O - 2 cursed scrolls of teleportation P - an uncursed scroll of identify Q - 2 cursed scrolls of enchant armor R - a cursed scroll of light Z - an uncursed scroll of taming Potions g - a blessed potion of invisibility h - an uncursed potion of speed Rings c - an uncursed ring of searching d - an uncursed ring of invisibility m - an uncursed ring of conflict q - an uncursed ring of regeneration B - an uncursed ring of searching F - an uncursed ring of shock resistance (on right hand) J - an uncursed ring of cold resistance U - an uncursed +1 ring of gain constitution Wands b - a wand of polymorph (0:4) p - a wand of light (0:14) r - a wand of sleep (0:2) N - a wand of digging (0:7) S - a wand of striking (0:7) T - a cursed wand of opening (0:1) V - a wand of lightning (0:4) W - a cursed wand of digging (0:4) X - a wand of light (0:12) Tools a - 4 uncursed tallow candles (0:200) n - a magic marker (0:97) H - an uncursed lock pick Spells and supernatural/magical abilities: Name Level Category Fail Memory a - force bolt 1 attack 0% 75% j - jumping 1 escape 0% 75% W - pray for help -- divine ? -- Your skills at the end: Fighting Skills Weapon Skills dagger [Skilled] quarterstaff [Basic] Spellcasting Skills attack spells [Basic] enchantment spells [Basic] Final Attributes: You were piously aligned. You were sleep resistant. You were shock resistant. You were poison resistant. You were magic-protected. You had infravision. You were very fast. You had reflection. You are dead. Vanquished creatures: 2 giant mimics a winter wolf a leprechaun 3 gnome kings a werewolf a dog a dingo a jaguar a dwarf lord a dust vortex 2 ravens a gnome mummy a snake a mountain nymph 5 Uruk-hai a rock mole a fog cloud 2 shriekers 3 gnome lords 2 guardian naga hatchlings a gray ooze an elf zombie a baby crocodile 2 floating eyes 4 kobold lords a rothe a rabid rat a monkey 2 dwarf zombies a werejackal an iguana 2 killer bees 7 acid blobs 5 coyotes 4 hobbits 2 large kobolds 9 hobgoblins 5 giant rats 2 cave spiders 4 brown molds a yellow mold a red mold 2 gnomes 6 garter snakes a gnome zombie 2 geckos 15 jackals a fox 6 kobolds 3 goblins 5 sewer rats 12 grid bugs 8 bats 3 lichens 7 newts 161 creatures vanquished. Voluntary challenges: You used a wielded weapon 196 times, starting on turn 140. You read items or engraved 218 times, starting on turn 41. You never genocided any monsters. You never polymorphed an object. You never changed form. You used no wishes. You never split a pudding. You wrote Elbereth's name 180 times, starting on turn 50. You never violated your personal moral code. Dungeon overview: The Dungeons of Doom: levels 1 to 9 Level 1 a fountain a long staircase Level 2 Level 3 a general store Level 4 a sink Level 5 a fountain Level 6 Level 7 many fountains Level 8 <- You were here a jewelry store stairs to Sokoban Level 9 Sokoban: levels 4 to 7 Level 4 Level 5 Level 6 Level 7 stairs to The Dungeons of Doom History has recorded: On T:1 you entered the Dungeons of Doom to retrieve the Amulet of Yendor! On T:226 you reached level 2 of The Dungeons of Doom. On T:381 you reached level 3 of The Dungeons of Doom. On T:924 you reached level 4 of The Dungeons of Doom. On T:1315 you reached level 5 of The Dungeons of Doom. On T:1348 you advanced to experience level 2. On T:1534 you reached level 6 of The Dungeons of Doom. On T:1548 you advanced to experience level 3. On T:1701 you advanced to experience level 4. On T:1712 you advanced to experience level 5. On T:2064 you reached level 7 of The Dungeons of Doom. On T:2072 you advanced to experience level 6. On T:2075 you reached level 8 of The Dungeons of Doom. On T:2085 you reached level 9 of The Dungeons of Doom. On T:2118 you reached level 4 of Sokoban. On T:2743 you reached level 3 of Sokoban. On T:3318 you reached level 2 of Sokoban. On T:3497 you advanced to experience level 7. On T:3782 you reached level 1 of Sokoban. Score breakdown: Gold: 2975 (11816 points) Experience: 7 levels (13645 points) Exploration: 9 levels ( 18.00%) (12121 points) Discoveries: 10 items ( 3.62%) ( 5710 points) Valuables value: (no points given unless you survive) Artifact value: 0 ( 0 points) Variety of kills: 55 monsters ( 14.44%) (11398 points) Turncount: 5062 turns (-1372 points) Survival: died (score multiplied by 80%) Total score: 42654 Latest messages: You see here a gold ring (100 zorkmids). You see here a ruby ring (133 zorkmids). Wait! That's a giant mimic! You cannot escape from the giant mimic! (4x) The giant mimic hits! (2x) You dig a hole through the floor. Never mind. Never mind. The vampire lord hits! You die... Olycan gratefully inherits all your possessions. Final status: Goodbye NCommander the Wizard, killed by a vampire lord... You died in The Dungeons of Doom on dungeon level 8 with 42654 points, and 2975 pieces of gold, after 5062 moves. You were level 7 with a maximum of 46 hit points when you died.